PAAA
SALT LAKE CITY BUZZ @ BAKERSFIELD NOBLES
08/06/2022
 
TOP OF THE 1ST
Salt Lake City Buzz batting - Pitching for Bakersfield Nobles : RHP Bruce Wright
Pitching: RHP Bruce Wright
Batting: RHB Roberto Ríos 0-0: Called Strike
0-1: Foul Ball, location: 2F
0-2: Foul Ball, location: 2F
0-2: Strikes out swinging
Batting: SHB Carlton Reed 0-0: Ball
1-0: Ball
2-0: Foul Ball, location: 2F
2-1: Fly out, F4 (Popup, 4D)
Batting: RHB Oliver Aranda 0-0: Ball
1-0: SINGLE (Groundball, 34D)
Batting: RHB Gustavo Mateo 0-0: Ball
1-0: SINGLE (Groundball, 56)
Oliver Aranda to second
Batting: SHB Wayne Saunders 0-0: Ground out 5-3 (Groundball, 5)
Top of the 1st over - 0 run(s), 2 hit(s), 0 error(s), 2 left on base; Salt Lake City 0 - Bakersfield 0
BOTTOM OF THE 1ST
Bakersfield Nobles batting - Pitching for Salt Lake City Buzz : RHP Carlos Delgado
Pitching: RHP Carlos Delgado
Batting: RHB Ron Gérard 0-0: Ground out 5-3 (Groundball, 56S)
Batting: LHB Emery Miller 0-0: SOLO HOME RUN (Flyball, 9LD), Distance : 349 ft
Batting: LHB Jake Shelton 0-0: Swinging Strike
0-1: Swinging Strike
0-2: Ball
1-2: Ball
2-2: Ball
3-2: Strikes out swinging
Batting: RHB Vincente Flores 0-0: Ball
1-0: Ball
2-0: Called Strike
2-1: Swinging Strike
2-2: Ball
3-2: Base on Balls
Batting: LHB Mike Russell 0-0: Swinging Strike
0-1: Foul Ball, location: 2F
0-2: Fly out, F7 (Flyball, 78D)
Bottom of the 1st over - 1 run(s), 1 hit(s), 0 error(s), 1 left on base; Salt Lake City 0 - Bakersfield 1
TOP OF THE 2ND
Salt Lake City Buzz batting - Pitching for Bakersfield Nobles : RHP Bruce Wright
Batting: RHB Zach Lewis 0-0: Called Strike
0-1: Swinging Strike
0-2: Ball
1-2: Strikes out swinging
Batting: RHB Ichiyo Fujii 0-0: Ball
1-0: Ground out 4-3 (Groundball, 4)
Batting: LHB Fernando González 0-0: Ground out 3-1 (Groundball, 3)
Top of the 2nd over - 0 run(s), 0 hit(s), 0 error(s), 0 left on base; Salt Lake City 0 - Bakersfield 1
BOTTOM OF THE 2ND
Bakersfield Nobles batting - Pitching for Salt Lake City Buzz : RHP Carlos Delgado
Batting: LHB Luis Velázquez 0-0: Ball
1-0: Ground out 4-3 (Groundball, 4M)
Batting: LHB Ricardo Miranda 0-0: Called Strike
0-1: Ball
1-1: Called Strike
1-2: SINGLE (Flyball, 7S)
Batting: RHB Juan Alba 0-0: Called Strike
0-1: Ball
1-1: Foul Ball, location: 2F
1-2: Reached on error, E6 (Groundball, 6M)
Ricardo Miranda to second
Batting: RHB Luis Jiménez 0-0: Called Strike
0-1: Ball
1-1: Ball
2-1: Ball
3-1: Foul Ball, location: 2F
3-2: Base on Balls
Ricardo Miranda to third
Juan Alba to second
Batting: RHB Ron Gérard 0-0: Fly out, F4 (Popup, 34D)
Batting: LHB Emery Miller 0-0: Fly out, F8 (Flyball, 8RXD)
Bottom of the 2nd over - 0 run(s), 1 hit(s), 1 error(s), 3 left on base; Salt Lake City 0 - Bakersfield 1
TOP OF THE 3RD
Salt Lake City Buzz batting - Pitching for Bakersfield Nobles : RHP Bruce Wright
Batting: RHB Jorge Torrez 0-0: Ball
1-0: SINGLE (Line Drive, 9S)
Batting: RHB Roberto Ríos 0-0: Fielders Choice at 2nd, 4-6 (Groundball, 4)
Batting: SHB Carlton Reed 0-0: Called Strike
0-1: Called Strike
0-2: Ball
1-2: SINGLE (Line Drive, 7S)
Roberto Ríos to second
Batting: RHB Oliver Aranda 0-0: Ball
Roberto Ríos steals 3rd base
Carlton Reed to second
1-0: Called Strike
1-1: Ball
2-1: Called Strike
2-2: Ball
3-2: Base on Balls
Batting: RHB Gustavo Mateo 0-0: Ball
1-0: Foul Ball, location: 2F
1-1: Fly out, F9 (Flyball, 89M)
Runner from 3rd tags up, SCORES, no throw
Batting: SHB Wayne Saunders 0-0: Ball
1-0: Ground out 4-3 (Groundball, 4)
Top of the 3rd over - 1 run(s), 2 hit(s), 0 error(s), 2 left on base; Salt Lake City 1 - Bakersfield 1
BOTTOM OF THE 3RD
Bakersfield Nobles batting - Pitching for Salt Lake City Buzz : RHP Carlos Delgado
Batting: LHB Jake Shelton 0-0: Called Strike
0-1: Ball
1-1: Ball
2-1: Ball
3-1: Foul Ball, location: 2F
3-2: Foul Ball, location: 2F
3-2: Foul Ball, location: 2F
3-2: SINGLE (Groundball, 34S)
Batting: RHB Vincente Flores 0-0: Ball
1-0: Ball
2-0: Swinging Strike
2-1: Called Strike
2-2: Fly out, F3 (Popup, 3DF)
Batting: LHB Mike Russell 0-0: Ball
1-0: Ball
2-0: Ball
3-0: Called Strike
3-1: Base on Balls
Jake Shelton to second
Batting: LHB Luis Velázquez 0-0: Called Strike
0-1: Grounds into double play, 4-6-3 (Groundball, 34)
Bottom of the 3rd over - 0 run(s), 1 hit(s), 0 error(s), 1 left on base; Salt Lake City 1 - Bakersfield 1
TOP OF THE 4TH
Salt Lake City Buzz batting - Pitching for Bakersfield Nobles : RHP Bruce Wright
Batting: RHB Zach Lewis 0-0: Ball
1-0: Ball
2-0: Called Strike
2-1: Foul Ball, location: 2F
2-2: Ball
3-2: Foul Ball, location: 2F
3-2: Strikes out looking
Batting: RHB Ichiyo Fujii 0-0: Ground out 6-3 (Groundball, 6S)
Batting: LHB Fernando González 0-0: Foul Ball, location: 2F
0-1: Ball
1-1: Called Strike
1-2: Foul Ball, location: 2F
1-2: Strikes out swinging
Top of the 4th over - 0 run(s), 0 hit(s), 0 error(s), 0 left on base; Salt Lake City 1 - Bakersfield 1
BOTTOM OF THE 4TH
Bakersfield Nobles batting - Pitching for Salt Lake City Buzz : RHP Carlos Delgado
Batting: LHB Ricardo Miranda 0-0: Fly out, F7 (Flyball, 7LM)
Batting: RHB Juan Alba 0-0: Foul Ball, location: 2F
0-1: Swinging Strike
0-2: Ball
1-2: Ball
2-2: Fly out, F9 (Flyball, 89M)
Batting: RHB Luis Jiménez 0-0: Ball
1-0: Ball
2-0: Ball
3-0: Called Strike
3-1: Called Strike
3-2: Foul Ball, location: 2F
3-2: Ground out 6-3 (Groundball, 6)
Bottom of the 4th over - 0 run(s), 0 hit(s), 0 error(s), 0 left on base; Salt Lake City 1 - Bakersfield 1
TOP OF THE 5TH
Salt Lake City Buzz batting - Pitching for Bakersfield Nobles : RHP Bruce Wright
Batting: RHB Jorge Torrez 0-0: Foul Ball, location: 2F
0-1: Ball
1-1: Ball
2-1: Fly out, F9 (Flyball, 8RM)
Batting: RHB Roberto Ríos 0-0: Ground out 4-3 (Groundball, 4M)
Batting: SHB Carlton Reed 0-0: Ball
1-0: Called Strike
1-1: Fly out, F7 (Flyball, 7LMF)
Top of the 5th over - 0 run(s), 0 hit(s), 0 error(s), 0 left on base; Salt Lake City 1 - Bakersfield 1
BOTTOM OF THE 5TH
Bakersfield Nobles batting - Pitching for Salt Lake City Buzz : RHP Carlos Delgado
Batting: RHB Ron Gérard 0-0: SINGLE (Groundball, 15) (infield hit)
Batting: LHB Emery Miller 0-0: Sac Bunt - play at first, batter OUT! 1-4
Ron Gérard to second
Batting: LHB Jake Shelton 0-0: Swinging Strike
0-1: Ball
Wild Pitch!
Ron Gérard to third
1-1: Swinging Strike
1-2: Ground out U3 (Groundball, 3L)
Batting: RHB Vincente Flores 0-0: Ground out 5-3 (Groundball, 56)
Bottom of the 5th over - 0 run(s), 1 hit(s), 0 error(s), 1 left on base; Salt Lake City 1 - Bakersfield 1
TOP OF THE 6TH
Salt Lake City Buzz batting - Pitching for Bakersfield Nobles : RHP Bruce Wright
Batting: RHB Oliver Aranda 0-0: Foul Ball, location: 2F
0-1: Swinging Strike
0-2: Ball
1-2: Ball
2-2: Ball
3-2: Base on Balls
Batting: RHB Gustavo Mateo 0-0: Ball
1-0: Fly out, F8 (Flyball, 8RS)
Batting: SHB Wayne Saunders 0-0: Swinging Strike
0-1: Called Strike
0-2: SINGLE (Groundball, 5D)
Oliver Aranda to second
Oliver Aranda to third
Batting: RHB Zach Lewis 0-0: Called Strike
0-1: Called Strike
0-2: Ball
1-2: Foul Ball, location: 2F
1-2: SINGLE (Line Drive, 78S)
Oliver Aranda scores
Wayne Saunders to second
Batting: RHB Ichiyo Fujii 0-0: Foul Ball, location: 2F
0-1: Ball
1-1: Swinging Strike
1-2: Ball
2-2: Ball
3-2: Strikes out swinging
Batting: LHB Fernando González 0-0: Called Strike
0-1: Fielders Choice at 2nd, 5-4 (Groundball, 56)
Top of the 6th over - 1 run(s), 2 hit(s), 0 error(s), 1 left on base; Salt Lake City 2 - Bakersfield 1
BOTTOM OF THE 6TH
Bakersfield Nobles batting - Pitching for Salt Lake City Buzz : RHP Carlos Delgado
Batting: LHB Mike Russell 0-0: Ball
1-0: Fly out, F7 (Flyball, 7LD)
Batting: LHB Luis Velázquez 0-0: Ball
1-0: Called Strike
1-1: Ball
2-1: Foul Ball, location: 2F
2-2: Foul Ball, location: 2F
2-2: Foul Ball, location: 2F
2-2: Fly out, F9 (Flyball, 89XD)
Batting: LHB Ricardo Miranda 0-0: Ball
1-0: SINGLE (Groundball, 34D)
Pitching: RHP Deron Kuhn
Batting: RHB Juan Alba 0-0: Fly out, F9 (Flyball, 89M)
Bottom of the 6th over - 0 run(s), 1 hit(s), 0 error(s), 1 left on base; Salt Lake City 2 - Bakersfield 1
TOP OF THE 7TH
Salt Lake City Buzz batting - Pitching for Bakersfield Nobles : RHP Bruce Wright
Batting: RHB Jorge Torrez 0-0: Called Strike
0-1: Called Strike
0-2: Fly out, F4 (Popup, 34)
Batting: RHB Roberto Ríos 0-0: Ball
1-0: Foul Ball, location: 2F
1-1: Ball
2-1: Foul Ball, location: 2F
2-2: SINGLE (Line Drive, 4MD)
Batting: SHB Carlton Reed 0-0: Called Strike
0-1: Ball
1-1: Ball
2-1: Ball
3-1: Foul Ball, location: 2F
3-2: Foul Ball, location: 2F
3-2: Strikes out swinging
Pitching: RHP Marcos López
Batting: RHB Oliver Aranda 0-0: Ball
1-0: Called Strike
1-1: Swinging Strike
1-2: Strikes out swinging
Top of the 7th over - 0 run(s), 1 hit(s), 0 error(s), 1 left on base; Salt Lake City 2 - Bakersfield 1
BOTTOM OF THE 7TH
Bakersfield Nobles batting - Pitching for Salt Lake City Buzz : RHP Deron Kuhn
Batting: RHB Luis Jiménez 0-0: Ball
1-0: Called Strike
1-1: Swinging Strike
1-2: Fly out, F6 (Popup, 6D)
Batting: RHB Ron Gérard 0-0: Ball
1-0: Foul Ball, location: 2F
1-1: Foul Ball, location: 2F
1-2: Fly out, F8 (Flyball, 8RM)
Batting: LHB Emery Miller 0-0: Ball
1-0: SINGLE (Groundball, 4M) (infield hit)
Batting: LHB Jake Shelton 0-0: Ball
1-0: Foul Ball, location: 2F
1-1: Ball
2-1: SINGLE (Line Drive, 3L)
Emery Miller to second
Batting: RHB Vincente Flores 0-0: Ball
1-0: Foul Ball, location: 2F
1-1: Called Strike
1-2: Ball
2-2: Strikes out looking
Bottom of the 7th over - 0 run(s), 2 hit(s), 0 error(s), 2 left on base; Salt Lake City 2 - Bakersfield 1
TOP OF THE 8TH
Salt Lake City Buzz batting - Pitching for Bakersfield Nobles : RHP Marcos López
Batting: RHB Gustavo Mateo 0-0: Ball
1-0: Foul Ball, location: 2F
1-1: Swinging Strike
1-2: Strikes out swinging
Batting: SHB Wayne Saunders 0-0: Foul Ball, location: 2F
0-1: Swinging Strike
0-2: Ball
1-2: Strikes out swinging
Batting: RHB Zach Lewis 0-0: Called Strike
0-1: Ball
1-1: Ground out 6-3 (Groundball, 6)
Top of the 8th over - 0 run(s), 0 hit(s), 0 error(s), 0 left on base; Salt Lake City 2 - Bakersfield 1
BOTTOM OF THE 8TH
Bakersfield Nobles batting - Pitching for Salt Lake City Buzz : RHP Deron Kuhn
Pitching: RHP Jim Unknown
Now at C: Archie Green
Batting: LHB Mike Russell 0-0: Called Strike
0-1: Fly out, F1 (Line Drive, 15)
Batting: LHB Luis Velázquez 0-0: Ball
1-0: Called Strike
1-1: Swinging Strike
1-2: Ball
2-2: SINGLE (Line Drive, 56D)
Pinch Hitting: RHB Manuel Villarreal 0-0: Called Strike
0-1: Ball
1-1: Ball
2-1: Foul Ball, location: 2F
2-2: Ball
3-2: Fielders Choice at 2nd, 6-4 (Groundball, 56)
Pinch Hitting: RHB Floyd Mitchell 0-0: Ball
1-0: Fly out, F3 (Popup, 23F)
Bottom of the 8th over - 0 run(s), 1 hit(s), 0 error(s), 1 left on base; Salt Lake City 2 - Bakersfield 1
TOP OF THE 9TH
Salt Lake City Buzz batting - Pitching for Bakersfield Nobles : RHP Marcos López
Now at 2B: León Estrada
Now at 3B: Jim Unknown
Batting: RHB Ichiyo Fujii 0-0: Ball
1-0: Ground out 4-3 (Groundball, 13)
Batting: LHB Fernando González 0-0: Ball
1-0: Ball
2-0: Ground out 5-3 (Groundball, 5)
Batting: RHB Jorge Torrez 0-0: Ground out 1-3 (Groundball, 23)
Top of the 9th over - 0 run(s), 0 hit(s), 0 error(s), 0 left on base; Salt Lake City 2 - Bakersfield 1
BOTTOM OF THE 9TH
Bakersfield Nobles batting - Pitching for Salt Lake City Buzz : RHP Jim Unknown
Pitching: RHP Powell Horne
Now at 2B: Júlio Aguirre
Pinch Hitting: RHB Bill Sackett 0-0: Ball
1-0: Ball
2-0: Ball
3-0: Swinging Strike
3-1: Swinging Strike
3-2: Strikes out swinging
Pinch Hitting: RHB Yoshifumi Sato 0-0: Called Strike
0-1: Ball
1-1: Foul Ball, location: 2F
1-2: Ball
2-2: Foul Ball, location: 2F
2-2: Foul Ball, location: 2F
2-2: Ball
3-2: Ground out 5-3 (Groundball, 5S)
Batting: LHB Emery Miller 0-0: Ball
1-0: Ball
2-0: Foul Ball, location: 2F
2-1: Foul Ball, location: 2F
2-2: Ground out 6-3 (Groundball, 6M)
Bottom of the 9th over - 0 run(s), 0 hit(s), 0 error(s), 0 left on base; Salt Lake City 2 - Bakersfield 1
This league is powered by Out of the Park Baseball, the baseball management simulation game for PC, Mac and Linux
Friday, April 15th, 2016 - OOTP Baseball 16.9 Build 39